 Dungeon Crawl Stone Soup version 0.24-a0-29-g43a6aff (console) character file.

Game seed: 15574196275819684857

27 Duffy the Chopper (level 3, 0/32 HPs)
             Began as a Naga Gladiator on Feb 2, 2019.
             Succumbed to an adder's poison
             ... on level 2 of the Dungeon.
             The game lasted 00:00:46 (1143 turns).

Duffy the Chopper (Naga Gladiator)                  Turns: 1143, Time: 00:00:47

Health: 0/32       AC:  4    Str: 17    XL:     3   Next: 10%
Magic:  3/3        EV:  9    Int:  8    God:
Gold:   53         SH:  0    Dex: 12    Spells: 2/2 levels left

rFire    . . .     SeeInvis +   a - +0 war axe
rCold    . . .     Gourm    .   (no shield)
rNeg     . . .     Faith    .   e - +0 ring mail
rPois    +         Spirit   .   c - +0 helmet
rElec    .         Reflect  .   (no cloak)
rCorr    .         Harm     .   (no gloves)
MR       .....                  (no barding)
Stlth    +.........             (no amulet)
HPRegen  0.10/turn              (no ring)
MPRegen  0.08/turn              (no ring)

@: lethally poisoned (0 -> -7), very slow
A: large, see invisible, deformed body, poison resistance, slowness 2, slow
metabolism 1, spit poison 1, AC +1
a: Spit Poison


You were on level 2 of the Dungeon.
You were not hungry.

You visited 1 branch of the dungeon, and saw 2 of its levels.

You collected 53 gold pieces.

Inventory:

Hand Weapons
 a - a +0 war axe (weapon)
Missiles
 d - 3 throwing nets (quivered)
Armour
 c - a +0 helmet (worn)
 e - a +0 ring mail (worn)
Scrolls
 b - 2 scrolls of identify {unknown}
 h - a scroll of random uselessness {unknown}
 j - a scroll of fog {unknown}
Potions
 g - a potion of curing {unknown}
Comestibles
 f - a ration
 i - a chunk of flesh


   Skills:
 - Level 2.0 Fighting
 + Level 4.2 Axes
 - Level 1.7 Throwing
 - Level 2.4 Dodging


You had 2 spell levels left.
You didn't know any spells.
Your spell library was empty.

Dungeon Overview and Level Annotations

Branches:
Dungeon (2/15)

Altars:


Innate Abilities, Weirdness & Mutations

You cannot wear boots.
Your serpentine skin is tough. (AC +1)
You have supernaturally acute eyesight. (SInv)
Armour fits poorly on your strangely shaped body.
Your system is resistant to poisons. (rPois)
You cover ground very slowly.
You have a slow metabolism.
You can spit poison.


Message History

You are too injured to fight recklessly!
You are too injured to fight recklessly!
You are too injured to fight recklessly!
You are too injured to fight recklessly!
You are too injured to fight recklessly!
You barely miss the adder. The adder barely misses you.
You closely miss the adder. The adder bites you.
You are poisoned.
The adder poisons you! The adder barely misses you.
You barely miss the adder.
You feel sick. The adder misses you. The adder bites you.
You are more poisoned.
The adder poisons you!
You closely miss the adder.
You feel sick. The adder bites you.
You hit the adder.
The adder is heavily wounded.
You feel sick. The adder bites you but does no damage. The adder bites you.
You hit the adder.
The adder is almost dead.
You die...

###
#################.#
...<..............#
#################.#
#.# #@# #S# #o#
#....o...#
#...>.##.# #...###
# ..... ###..= #..


You could see an adder and 2 orcs.

Vanquished Creatures
  A dart slug (D:1)
  2 orcs (D:2)
  3 bats (D:1)
  5 hobgoblins (D:1)
  A ball python (D:1)
  2 frilled lizards (D:1)
  3 goblins (D:1)
  2 kobolds (D:1)
  3 rats (D:1)
22 creatures vanquished.

Notes
Turn   | Place    | Note
-------+----------+-------------------------------------------
     0 | D:1      | Duffy the Naga Gladiator began the quest for the Orb.
     0 | D:1      | Reached XP level 1. HP: 19/19 MP: 1/1
   199 | D:1      | Reached XP level 2. HP: 11/26 MP: 2/2
   780 | D:1      | Reached skill level 4 in Axes
  1134 | D:2      | Reached XP level 3. HP: 21/32 MP: 3/3
  1142 | D:2      | HP: 1/32 [adder (3)]
  1143 | D:2      | Succumbed to an adder's poison

Vault maps used:
D:1:      nicolae_arrival_washed_ashore
D:2:      minmay_skewed_foursquare, overflow_temple_1_default,
          nemelex_xobeh_ov_fountains_minmay

Skill      XL: |  1  2 |
---------------+-------+-----
Axes           | 4 |  4.2
Fighting       | |  2.0
Throwing       | |  1.7
Dodging        | |  2.4

Action                   || total
-------------------------++-------
Melee: War axe           ||    76
Armor: Ring mail         ||    42
Dodge: Dodged            ||    56

Table legend:
 A = Non-vault XP
 B = Vault XP
 C = Vault XP percentage of total XP
 D = Non-vault monster count
 E = Vault monster count
 F = Vault count percentage of total count
                 A         B        C        D         E       F
            +---------+---------+-------+---------+---------+-------
      Total |      39 |       0 |   0.0 |      22 |       0 |   0.0
            +---------+---------+-------+---------+---------+-------
        D:1 |      33 |       0 |   0.0 |      20 |       0 |   0.0
        D:2 |       6 |       0 |   0.0 |       2 |       0 |   0.0
            +---------+---------+-------+---------+---------+-------
